 Dungeon Crawl Stone Soup version 0.19.0-2-gae57169 (webtiles) character file.

84 Kullungy the Skirmisher (level 4, 0/37 HPs)
             Began as a Demonspawn Abyssal Knight on Nov 4, 2016.
             Was a Follower of Lugonu.
             Slain by Sigmund
             ... wielding a +1 scythe of slicing
              (1 damage)
             ... on level 2 of the Dungeon.
             The game lasted 00:08:01 (1544 turns).

Kullungy the Skirmisher (Demonspawn Abyssal Knight) Turns: 1544, Time: 00:08:02

Health: 0/37       AC:  8    Str: 13    XL:     4   Next: 23%
Magic:  5/5        EV:  8    Int: 13    God:    Lugonu [*.....]
Gold:   117        SH:  3    Dex: 13    Spells: 0 memorised, 3 levels left

rFire  . . .     SeeInvis .     a - +1 mace
rCold  . . .     Gourm    .     h - +0 scale mail
rNeg   . . .     Faith    .     t - +0 buckler
rPois  .         Spirit   .     (no helmet)
rElec  .         Reflect  .     (no cloak)
rCorr  .         Harm     .     (no gloves)
MR     .....                    (no boots)
Stlth  ..........               (no amulet)
                                (no ring)
                                B - +2 ring of protection

@: no status effects
A: powered by pain 1, rot immunity
a: Depart the Abyss, Renounce Religion


You were on level 2 of the Dungeon.
You worshipped Lugonu.
Lugonu was aware of your devotion.
You were not hungry.

You visited 1 branch of the dungeon, and saw 2 of its levels.
You visited the Abyss 1 time.

You collected 117 gold pieces.

Inventory:

Hand Weapons
 a - a +1 mace (weapon)
 f - a +0 hand axe
 i - a +0 club
 n - a +0 hunting sling
 s - a +0 mace
 u - a +0 whip
Missiles
 d - 88 stones (quivered)
 l - 31 sling bullets
 r - 39 bolts
Armour
 b - a +0 leather armour
 h - a +0 scale mail (worn)
 j - a +0 robe
 t - a +0 buckler (worn)
 v - a +0 chain mail
 A - a +0 ring mail
Jewellery
 B - a +2 ring of protection (left hand)
Wands
 z - a wand of polymorph (0/24)
Scrolls
 k - 3 scrolls of immolation {unknown}
 m - 2 scrolls of identify {unknown}
 o - a scroll of teleportation {unknown}
 q - a scroll of enchant armour {unknown}
 y - a scroll of remove curse {unknown}
Potions
 e - a potion of mutation {unknown}
 g - a potion of might {unknown}
Comestibles
 c - 3 bread rations
 p - a meat ration
 x - 4 fruits


   Skills:
 + Level 3.8 Fighting
 + Level 2.9 Maces & Flails
 + Level 2.3 Armour
 + Level 1.1 Dodging
 + Level 0.2 Stealth
 + Level 0.1 Unarmed Combat
 + Level 2.5 Invocations


You had 3 spell levels left.
You didn't know any spells.

Dungeon Overview and Level Annotations

Branches:
Dungeon (2/15)

Altars:

Annotations:
D:2 Sigmund


Innate Abilities, Weirdness & Mutations

You sometimes gain a little power by taking damage.
You are immune to rotting.


Message History

The puff of flame hits you! Sigmund completely misses you.
Sigmund casts a spell at you. You resist with some effort.
Sigmund hits you with a scythe of slicing!
* * * LOW HITPOINT WARNING * * *
x2 You feel less confused.
Zapping:
z - a wand of polymorph {zapped: 2} (will waste charges)
Press: ? - help, Shift-Dir - straight line, f - Sigmund
Aim: Sigmund, wielding a scythe of slicing and wearing a robe (moderately wounded, chance to defeat MR: 54%) Sigmund resists with significant effort.
Evoking this partially-identified wand wasted a few charges.
Sigmund barely misses you.
Zapping:
z - a wand of polymorph {zapped: 5} (will waste charges)
Press: ? - help, Shift-Dir - straight line, f/p - Sigmund
Aim: Sigmund, wielding a scythe of slicing and wearing a robe (moderately wounded, chance to defeat MR: 54%) Nothing appears to happen.
Sigmund hits you from afar with a scythe of slicing.
* * * LOW HITPOINT WARNING * * *
You die...

#######.######. #
............... #
......#.######. .
# ......#.# .. #
......#.##### ...
.... #
............##...
.... #
...............
....#
............###
#..#
######....@.#
##.# #..@...#
#... #......#
#... #.>....#
#... #......#
#... #......#
#... #......#
#... #......#
#... #......#
#...


You could see Sigmund.

Vanquished Creatures
  Ijyb (D:2)
  2 adders (D:2)
  An ooze (D:1)
  A worm (D:2)
  3 bats (D:2)
  2 giant cockroaches
  4 goblins
  2 hobgoblins
  8 jackals
  A frilled lizard (D:1)
  3 kobolds
  4 rats
32 creatures vanquished.

Notes
Turn   | Place    | Note
-------+----------+-------------------------------------------
     0 | Abyss:1  | Kullungy the Demonspawn Abyssal Knight began the quest for the Orb.
     0 | Abyss:1  | Reached XP level 1. HP: 18/18 MP: 2/2
    84 | Abyss:1  | Noticed a black mamba simulacrum
    85 | D:1      | Escaped the Abyss
   210 | D:1      | Gained mutation: You are immune to rotting. [demonic ancestry]
   210 | D:1      | Reached XP level 2. HP: 22/24 MP: 3/3
   431 | D:1      | Reached * piety under Lugonu
   804 | D:2      | Reached skill level 1 in Dodging
   847 | D:2      | Gained mutation: You sometimes gain a little power by taking damage. [demonic ancestry]
   847 | D:2      | Reached XP level 3. HP: 23/29 MP: 4/4
  1158 | D:2      | Found a faded altar of an unknown god.
  1293 | D:2      | Noticed Ijyb
  1307 | D:2      | Killed Ijyb
  1307 | D:2      | Reached XP level 4. HP: 20/37 MP: 5/5
  1525 | D:2      | Noticed Sigmund
  1544 | D:2      | HP: 1/37 [Sigmund/scythe of slicing (6)]
  1544 | D:2      | Slain by Sigmund

Skill      XL: |  1  2 |
---------------+-------+-----
Maces & Flails | 2 |  2.9
Armour         | 2 |  2.3
Dodging        | 1 |  1.1
Fighting       | |  3.8
Stealth        | |  0.2
Unarmed Combat | |  0.1
Invocations    | |  2.5

Action                   |  1- 3 |  4- 6 || total
-------------------------+-------+-------++-------
Melee: Mace              |   102 |    10 ||   112
       Unarmed           |     6 |       ||     6
Invok: Depart the Abyss  |     1 |       ||     1
Evoke: Wand              |       |     1 ||     1
 Stab: Confused          |     2 |       ||     2
  Eat: Bread ration      |     1 |       ||     1
Armor: Scale mail        |    57 |     2 ||    59
       Skin              |     1 |       ||     1
Dodge: Dodged            |    60 |     3 ||    63
Block: Buckler           |     3 |     2 ||     5
